 Dungeon Crawl Stone Soup version 0.19-a0-1442-g3b32ff5 (webtiles) character file.

17476 Leszczynek the Carver (level 12, -2/72 (73) HPs)
             Began as a Deep Elf Berserker on Sept 5, 2016.
             Was a High Priest of Trog.
             Killed by divine providence
             ... invoked by an orc priest
             ... led by an orc warlord
              (13 damage)
             ... on level 2 of the Orcish Mines.
             The game lasted 00:50:45 (16563 turns).

Leszczynek the Carver (Deep Elf Berserker)         Turns: 16563, Time: 00:50:46

HP:   -2/72 (73)    AC: 13    Str: 16    XL:     12   Next: 19%
MP:   0/17          EV: 19    Int: 17    God:    Trog [*****.]
Gold: 183           SH:  0    Dex: 19    Spells: 0 memorised, 11 levels left

rFire  + . .     SeeInvis +     a - +3 great sword (drain)
rCold  . . .     Gourm    .     H - +0 mottled dragon armour
rNeg   . . .     Faith    .     (shield currently unavailable)
rPois  +         Spirit   +     J - +2 helmet {SInv}
rElec  .         Dismiss  .     f - +0 cloak
rCorr  .         Reflect  .     e - +1 pair of gloves
MR     +....     Harm     .     F - +0 pair of boots
Stlth  ++........               R - amulet of guardian spirit
                                j - ring of poison resistance
                                A - ring of Freedom {rF+ Int+3 Dex+3 Stlth+}

@: exhausted, slowed, very slow
A: no striking features
a: Berserk, Trog's Hand, Brothers in Arms, Burn Spellbooks, Renounce Religion


You were on level 2 of the Orcish Mines.
You worshipped Trog.
Trog was extremely pleased with you.
You were hungry.

You visited 3 branches of the dungeon, and saw 15 of its levels.
You visited 1 bazaar.
You also visited: Bailey.

You collected 1067 gold pieces.
You spent 884 gold pieces at shops.

Inventory:

Hand Weapons
 a - a +3 great sword of draining (weapon)
 b - a +1 scimitar of freezing
 E - a +1 antimagic triple sword
 O - a +0 shortbow
Missiles
 c - 31 tomahawks
 G - 64 tomahawks of returning (quivered)
 P - 202 arrows
Armour
 e - a +1 pair of gloves (worn)
 f - a +0 cloak (worn)
 v - a +0 scale mail of cold resistance
 D - a +0 shield
 F - a +0 pair of boots (worn)
 H - a +0 mottled dragon armour (worn)
 J - a +2 helmet of see invisible (worn)
Jewellery
 j - a ring of poison resistance (right hand)
 q - an uncursed amulet of regeneration {unknown}
 A - the ring of Freedom (left hand) {rF+ Int+3 Dex+3 Stlth+}
   (You found it on level 4 of the Dungeon)

   [ring of protection from fire]

   It affects your intelligence (+3).
   It affects your dexterity (+3).
   It protects you from fire.
   It makes you more stealthy.
 R - an amulet of guardian spirit (around neck)
Wands
 o - a wand of confusion (27/48)
 B - a wand of digging (11/24)
 L - a wand of confusion (17/48)
Scrolls
 i - 3 scrolls of remove curse
 r - 6 scrolls of enchant armour
 x - a scroll of vulnerability
 y - 2 scrolls of enchant weapon
 K - a scroll of immolation
 M - 3 scrolls of teleportation
Potions
 d - 3 potions of flight
 g - 4 potions of haste
 h - 9 potions of curing
 m - a potion of invisibility
 s - 4 potions of lignification
 t - 6 potions of heal wounds
 w - a potion of cure mutation
 z - a potion of beneficial mutation {unknown}
 C - 3 potions of resistance
 N - 2 potions of might {unknown}
 Q - 3 potions of magic {unknown}
 T - a potion of ambrosia
 V - a potion of brilliance {unknown}
Books
 p - a book of Callings

   Spells                             Type                      Level
   a - Summon Small Mammal            Summoning                    1
   b - Call Imp                       Summoning                    2
   c - Call Canine Familiar           Summoning                    3
   d - Summon Guardian Golem          Hexes/Summoning              3
   e - Summon Lightning Spire         Summoning/Air                4
   f - Summon Ice Beast               Ice/Summoning                4
   Trog disapproves of the use of such an item.
 I - a book of the Earth

   Spells                             Type                      Level
   a - Leda's Liquefaction            Hexes/Earth                  4
   b - Bolt of Magma                  Conjuration/Fire/Earth       5
   c - Statue Form                    Transmutation/Earth          6
   d - Iron Shot                      Conjuration/Earth            6
   e - Shatter                        Earth                        9
   Trog disapproves of the use of such an item.
Comestibles
 k - 4 bread rations
 l - 7 meat rations
 u - 8 fruits
 S - 4 royal jellies


   Skills:
 + Level 7.9 Fighting
 * Level 14.1 Long Blades
 - Level 1.5 Armour
 - Level 10.0 Dodging
 + Level 4.3 Evocations


You had 11 spell levels left.
You didn't know any spells.

Dungeon Overview and Level Annotations

Branches:
Dungeon (12/15)            Temple (0/1) D:6            Lair (1/6) D:10
    Orc (2/2) D:12            Elf (0/3) Orc:2

Altars:
Ashenzari
Cheibriados
Elyvilon
Nemelex Xobeh
Ru
Sif Muna
Vehumet
Yredelemnul
Zin

Shops:
D:6 :   Orc:1 !

Portals:
Bazaar: D:12

Annotations:
D:2 1+ gnolls (spear), exclusion: adder
D:6 exclusion: door
D:10 1 runed door, Ishikai's ghost, novice DsGl
D:11 electric eel vault in the lower right, ice dragon inside
D:12 NON-TIMED BAZAAR guarded by obisidian statue, exclusion: obsidian statue
Lair:1 8h hydra next to stairs!
Orc:2 1 exclusion


Message History

The troll bites you but does no damage. The troll barely misses you.
The troll closely misses you.
The orc warrior hits you but does no damage.
Your ogre closely misses the troll.
You slash the troll! You drain the troll!
The troll is almost dead.
The troll bites you!
The troll claws you but does no damage. x2
Your ogre hits the troll with a giant club!!
The troll dies!
Trog accepts your kill.
The orc warrior hits you from afar with a trident!! 2 orcs come into view.
The orc warrior no longer looks unusually strong.
Your ogre misses the orc warrior. The orc warrior barely misses you.
Your ogre barely misses the orc warrior.
The orc warrior hits you with a trident!
* * * LOW HITPOINT WARNING * * *
The orc priest invokes the aid of Beogh against you.
Beogh smites you!
You die...

#.. ......# ##.#..# #..
...........# ##.....##..#
#..........## ##.........#
###...........####.#.......#
##.............#.#..oo.....#
###......#.......#)#oo#.....##
.##.....###........)..##.....##
.........##.....Ooo..####.....#
................@##### ##....##
.#...............# #......##
####.......<..).## #........
.##.............# ##...o...
#####..........## #.....#. #
##.........## ##....#.
#...........# #.....#
#...........## ##...##
###............### #####


You could see 2 orc warriors, 2 orc priests, 2 orcs and a friendly ogre
(berserk).

Vanquished Creatures
  A centaur warrior (D:12)
  Pikel (D:6)
  A hill giant (D:10)
  An orc knight (Bailey)
  An orc sorcerer (Orc:1)
  2 cyclopes
  A black mamba (Lair:1)
  A spiny frog (Lair:1)
  A gargoyle (D:11)
  3 trolls
  Grinder (D:5)
  2 wyverns (D:9)
  6 hippogriffs
  A hungry ghost (D:9)
  9 yaks
  Menkaure (D:6)
  A mottled dragon (D:11)
  Edmund (D:5)
  A soldier ant (D:12)
  4 wargs
  3 black bears (D:10)
  10 orc warriors
  A porcupine (Lair:1)
  3 sky beasts
  An ice beast (D:7)
  2 slaves (D:6)
  An eye of draining (D:12)
  2 wasps
  7 ogres
  2 necrophages
  3 phantoms
  6 centaurs
  A crocodile (Lair:1)
  2 big kobolds
  8 giant frogs
  A wyvern skeleton (D:9)
  5 scorpions
  15 wights
  A killer bee (D:11)
  A howler monkey (D:4)
  3 centaur zombies
  5 crimson imps
  A giant frog zombie (D:9)
  A giant frog skeleton (D:6)
  9 orc priests
  7 hounds
  4 jellies
  10 orc wizards
  3 iguanas
  8 worker ants
  A hound skeleton (D:4)
  A howler monkey zombie (D:10)
  Robin (D:4)
  9 adders
  18 gnolls
  18 river rats (Lair:1)
  A shadow imp (D:10)
  6 oozes
  2 adder zombies
  2 adder skeletons
  4 worms
  4 giant geckos
  43 orcs
  5 giant cockroaches
  15 goblins
  21 hobgoblins
  7 jackals
  3 quokkas
  6 bats
  4 giant newts
  17 kobolds
  2 quokka zombies
  10 rats
366 creatures vanquished.

Vanquished Creatures (collateral kills)
  2 orc warlords
  2 trolls
  3 orc warriors
  An orc priest (Orc:1)
  An orc wizard (D:8)
  5 orcs
14 creatures vanquished.

Vanquished Creatures (others)
  An unseen horror (D:11)
  An orc warrior (D:11)
  A slave (D:6)
  3 killer bees (D:11)
  3 orcs (D:11)
  2 goblins (D:8)
  4 kobolds (D:11)
15 creatures vanquished.

Grand Total: 395 creatures vanquished

Notes
Turn   | Place    | Note
-------+----------+-------------------------------------------
     0 | D:1      | Leszczynek the Deep Elf Berserker began the quest for the Orb.
     0 | D:1      | Reached XP level 1. HP: 13/13 MP: 3/3
     0 | D:1      | time for some fun
   389 | D:1      | Reached skill level 3 in Long Blades
   407 | D:1      | Reached XP level 2. HP: 15/18 MP: 4/4
  1150 | D:3      | Reached ** piety under Trog
  1167 | D:3      | Reached XP level 3. HP: 8/22 MP: 5/5
  1378 | D:3      | Found a shattered altar of Ashenzari.
  1465 | D:2      | Reached skill level 3 in Dodging
  2232 | D:3      | Reached XP level 4. HP: 27/27 MP: 6/6
  2637 | D:4      | Reached skill level 4 in Long Blades
  2828 | D:4      | Noticed Robin
  2885 | D:4      | Reached XP level 5. HP: 32/32 MP: 7/7
  2891 | D:4      | Killed Robin
  2892 | D:4      | Reached *** piety under Trog
  2978 | D:4      | Reached skill level 5 in Long Blades
  3253 | D:4      | Got a wavering steel ring
  3270 | D:4      | Noticed an ogre
  3278 | D:4      | Identified the ring of Freedom {rF+ Int+3 Dex+3 Stlth+} (You found it on level 4 of the Dungeon)
  3292 | D:4      | Killed an ogre
  3292 | D:4      | Reached skill level 6 in Long Blades
  3292 | D:4      | Reached XP level 6. HP: 20/36 MP: 8/8
  3902 | D:4      | Reached XP level 7. HP: 23/40 MP: 9/9
  4073 | D:4      | Found a sacrificial altar of Ru.
  4160 | D:4      | Reached skill level 7 in Long Blades
  4317 | D:5      | Entered Level 5 of the Dungeon
  4341 | D:5      | Noticed Grinder
  4591 | D:5      | Noticed Edmund
  4600 | D:5      | Killed Edmund
  4600 | D:5      | Reached skill level 8 in Long Blades
  4891 | D:5      | Killed Grinder
  4891 | D:5      | Reached XP level 8. HP: 45/45 MP: 10/10
  5201 | D:6      | Noticed Menkaure
  5211 | D:6      | Killed Menkaure
  5211 | D:6      | Reached skill level 9 in Long Blades
  5219 | D:6      | Found a deep blue altar of Sif Muna.
  5326 | D:6      | Noticed Pikel
  5540 | D:6      | Found a staircase to the Ecumenical Temple.
  5652 | D:6      | Found a white marble altar of Elyvilon.
  5829 | D:6      | Found Kiwoaxep's Book Emporium.
  5932 | D:6      | Reached skill level 10 in Long Blades
  6230 | D:7      | Reached skill level 3 in Fighting
  6339 | D:7      | Reached skill level 4 in Dodging
  6339 | D:7      | Reached XP level 9. HP: 51/51 MP: 11/11
  6544 | D:7      | wow, 2nd long sword generated on the ground
  6544 | D:7      | how plentiful
  6573 | D:7      | Found a sparkling altar of Nemelex Xobeh.
  7205 | D:6      | Killed Pikel
  7205 | D:6      | Reached skill level 4 in Fighting
  7205 | D:6      | Reached skill level 11 in Long Blades
  7205 | D:6      | Reached skill level 5 in Dodging
  7416 | D:6      | Reached **** piety under Trog
  7621 | D:8      | Found a radiant altar of Vehumet.
  7641 | D:8      | Found a flagged portal.
  7657 | Bailey   | Entered a bailey
  7953 | Bailey   | Noticed an orc knight
  8006 | Bailey   | Killed an orc knight
  8289 | D:8      | Reached skill level 6 in Dodging
  8319 | D:8      | Found a glowing silver altar of Zin.
  8322 | D:8      | Found a basalt altar of Yredelemnul.
  8334 | D:8      | Found a snail-covered altar of Cheibriados.
  8715 | D:8      | Reached XP level 10. HP: 21/58 MP: 4/12
  9344 | D:9      | Reached skill level 5 in Fighting
  9510 | D:9      | Reached skill level 12 in Long Blades
  9744 | D:9      | Reached skill level 7 in Dodging
  9763 | D:9      | Reached skill level 1 in Evocations
 10178 | D:9      | Reached skill level 2 in Evocations
 10434 | D:10     | Entered Level 10 of the Dungeon
 10550 | D:10     | Noticed Ishikai's ghost (novice DsGl)
 10610 | D:10     | Found a runed door.
 10630 | D:10     | Reached ***** piety under Trog
 10630 | D:10     | Reached skill level 8 in Dodging
 10740 | D:10     | Noticed a hill giant
 10756 | D:10     | Killed a hill giant
 11168 | D:10     | Reached skill level 6 in Fighting
 11215 | D:10     | Found a basalt altar of Yredelemnul.
 11287 | D:10     | Found a staircase to the Lair.
 11315 | D:10     | Reached XP level 11. HP: 43/63 MP: 7/14
 11609 | Lair:1   | Entered Level 1 of the Lair of Beasts
 11707 | Lair:1   | Reached skill level 9 in Dodging
 12247 | Lair:1   | Gained mutation: Your movements are slightly less encumbered by armour. (ER -2) [potion of mutation]
 12247 | Lair:1   | Gained mutation: Scrolls take you a little longer to read. [potion of mutation]
 12247 | Lair:1   | Gained mutation: You have a pair of small horns on your head. [potion of mutation]
 12248 | Lair:1   | Lost mutation: You have a pair of small horns on your head. [potion of cure mutation]
 12248 | Lair:1   | Lost mutation: Scrolls take you a little longer to read. [potion of cure mutation]
 12248 | Lair:1   | Lost mutation: Your movements are slightly less encumbered by armour. (ER -2) [potion of cure mutation]
 12439 | Lair:1   | Noticed an eight-headed hydra
 12451 | Lair:1   | oh god
 12483 | D:10     | that's it for lair then
 12499 | D:11     | early bazaar :/
 12633 | D:11     | Reached skill level 13 in Long Blades
 12752 | D:11     | Found a flickering gateway to a bazaar.
 12783 | Bazaar   | Entered a bazaar
 12946 | Bazaar   | Found Fequmo Waixo's Antique Armour Shop.
 12960 | Bazaar   | Found Reibb's Jewellery Shop.
 12992 | Bazaar   | at least it's a bad bazaar, i guess
 13013 | Bazaar   | Bought an uncursed ring of poison resistance for 220 gold pieces
 13032 | Bazaar   | Bought a runed scale mail for 76 gold pieces
 13673 | D:11     | Killed an unseen horror
 13974 | D:11     | it's 41% chance of resisting, of course it will work 5 times in a row! XDXDXD
 13974 | D:11     | 1% chance
 14090 | D:11     | Noticed an ice dragon
 14113 | D:11     | fucking retarded ice dragon
 14287 | D:12     | Reached skill level 7 in Fighting
 14653 | D:12     | Found a staircase to the Orcish Mines.
 14720 | D:12     | Reached skill level 10 in Dodging
 14877 | D:12     | Found a gateway to a bazaar.
 14877 | D:12     | Noticed an obsidian statue
 15141 | Orc:1    | Entered Level 1 of the Orcish Mines
 15141 | Orc:1    | Found Xuety's Distillery.
 15290 | D:12     | Noticed a centaur warrior
 15304 | D:12     | Killed a centaur warrior
 15304 | D:12     | Reached skill level 3 in Evocations
 15372 | Orc:1    | Bought a potion of resistance for 140 gold pieces
 15411 | Orc:1    | Noticed an orc sorcerer
 15473 | Orc:1    | Killed an orc sorcerer
 15769 | Orc:1    | Received a gift from Trog
 15772 | Orc:1    | Noticed an orc warlord
 15803 | Orc:1    | Bought a potion of heal wounds for 70 gold pieces
 15803 | Orc:1    | Bought a potion of ambrosia for 112 gold pieces
 15803 | Orc:1    | Bought a potion of resistance for 140 gold pieces
 15803 | Orc:1    | Bought a potion of curing for 42 gold pieces
 15803 | Orc:1    | Bought a potion of curing for 42 gold pieces
 15803 | Orc:1    | Bought a potion of curing for 42 gold pieces
 15864 | Orc:1    | Killed an orc warlord
 15864 | Orc:1    | Reached skill level 4 in Evocations
 15864 | Orc:1    | Reached XP level 12. HP: 47/71 MP: 9/17
 15995 | Orc:1    | Reached skill level 14 in Long Blades
 16210 | Orc:2    | Entered Level 2 of the Orcish Mines
 16259 | Orc:2    | Found a staircase to the Elven Halls.
 16518 | Orc:2    | Noticed an orc warlord
 16556 | Orc:2    | Killed an orc warlord
 16563 | Orc:2    | Killed from afar by an orc priest

Vault maps used:
D:1:      dpeg_arrival_rooms_c
D:3:      ashenzari_altar_1, first_bread, kennysheep_boxes
D:4:      kennysheep_six_static_rooms, overflow_temple_1_default, uniq_robin
D:5:      kennysheep_cluttered_room, uniq_edmund, uniq_grinder
D:6:      lemuel_coloured_pillars_altar, led_sif_book, serial_shops,
          kennysheep_mini_moat, roderic_bipointed_swastika, uniq_pikel,
          uniq_menkaure
D:7:      nemelex_xobeh_ov_fountains_minmay
D:8:      grunt_temple_overflow_open, lemuel_doored_altar, enter_bailey_3
D:9:      hangedman_little_slice_of_home, minmay_misc_feat_enclosed
D:10:     erik_lair_orcish_takeover, dk_yredelemnul_ordeal
D:11:     dragon1_lemuel, serial_shops, freezing_bzr, lemuel_nasty_fountain
D:12:     orc_0_dummy, serial_shops, statue_bzr, nrook_loot_triangle
Lair:1:   st_stairs_4, grunt_megastairs_2
Orc:1:    serial_shops, shop
Orc:2:    pf_orc_diabolical, basic_altar, mines3_lemuel
Bazaar:   bazaar_jpeg_cross
Bailey:   bailey_axe_2, bailey

Skill      XL: |  1  2  3  4  5  6  7  8  9 10 11 12 |
---------------+-------------------------------------+-----
Long Blades    | 3 4 6 8 10 11 12 13 14 | 14.1
Dodging        | 3 4 6 8 10 | 10.0
Fighting       | 3 4 6 7 |  7.9
Evocations     | 2 4 |  4.3
Armour         | |  1.5

Action                   |  1- 3 |  4- 6 |  7- 9 | 10-12 || total
-------------------------+-------+-------+-------+-------++-------
Melee: Falchion          |   114 |   167 |   113 |       ||   394
       Long sword        |       |       |   480 |    20 ||   500
       Scimitar          |       |       |       |   169 ||   169
       Great sword       |       |       |       |   544 ||   544
Throw: Tomahawk          |       |       |       |     3 ||     3
Invok: Berserk           |     5 |    10 |    13 |    13 ||    41
       Trog's Hand       |       |       |     4 |     2 ||     6
       Brothers in Arms  |       |       |     1 |     4 ||     5
Evoke: Wand              |       |       |     1 |     5 ||     6
  Use: Potion            |     1 |       |     1 |     2 ||     4
       Scroll            |       |       |    17 |    11 ||    28
 Stab: Sleeping          |       |       |     9 |     6 ||    15
       Distracted        |       |       |       |     1 ||     1
  Eat: Chunk             |     5 |    10 |    23 |    29 ||    67
       Bread ration      |     1 |     1 |       |       ||     2
       Meat ration       |       |       |     1 |       ||     1
       Pizza             |       |       |     2 |       ||     2
       Fruit             |       |       |       |     3 ||     3
       Royal jelly       |       |       |       |     6 ||     6
Armor: Animal skin       |     7 |       |       |       ||     7
       Ring mail         |     4 |    45 |   127 |    96 ||   272
       Mottled dragon ar |       |       |       |    55 ||    55
       Scale mail        |       |       |       |    16 ||    16
Dodge: Dodged            |    55 |    62 |   248 |   445 ||   810
Block: Other             |     2 |    10 |    38 |       ||    50
       Reflection        |       |       |     1 |       ||     1
